 Dungeon Crawl Stone Soup version 0.20-a0-464-g526fb3c (webtiles) character file.

1661 Duffy the Conjurer (level 8, -2/41 HPs)
             Began as a Deep Elf Air Elementalist on Jan 11, 2017.
             Was a Follower of Vehumet.
             Killed by nerve-wracking pain
             ... invoked by Grinder
              (7 damage)
             ... while paralysed by Grinder
             ... on level 6 of the Dungeon.
             The game lasted 00:10:13 (6831 turns).

Duffy the Conjurer (Deep Elf Air Elementalist)      Turns: 6831, Time: 00:10:14

Health: -2/41      AC:  2    Str:  5    XL:     8   Next: 69%
Magic:  3/21       EV:  2    Int: 23    God:    Vehumet [*.....]
Gold:   62         SH:  0    Dex: 15    Spells: 10/21 levels left

rFire  . . .     SeeInvis .     n - +4 flail (holy)
rCold  . . .     Gourm    .     a - +0 robe
rNeg   . . .     Faith    +     (no shield)
rPois  .         Spirit   .     (no helmet)
rElec  .         Reflect  .     (no cloak)
rCorr  .         Harm     .     (no gloves)
MR     .....                    (no boots)
Stlth  +.........               r - amulet of faith
                                (no ring)
                                v - ring of loudness

@: paralysed, very slightly contaminated, repel missiles
A: no striking features
a: Renounce Religion


You were on level 6 of the Dungeon.
You worshipped Vehumet.
Vehumet was aware of your devotion.
You were not hungry.

You visited 1 branch of the dungeon, and saw 6 of its levels.

You collected 178 gold pieces.
You spent 116 gold pieces at shops.

Inventory:

Hand Weapons
 n - a +4 flail of holy wrath (weapon)
 t - a +1 whip of flaming
Armour
 a - a +0 robe (worn)
Jewellery
 r - an amulet of faith (around neck)
 v - a ring of loudness (left hand)
Wands
 w - a wand of acid (5/15)
Scrolls
 d - 4 scrolls of amnesia
 j - 5 scrolls of remove curse
 k - 2 scrolls of teleportation
 l - a scroll of magic mapping {unknown}
 m - a scroll of fear {unknown}
 s - 2 scrolls of enchant weapon {unknown}
 u - a scroll of enchant armour {unknown}
 x - 2 scrolls of fog {unknown}
Potions
 e - a potion of mutation
 f - 2 potions of degeneration
 g - a potion of magic
 i - 2 potions of lignification
 p - a potion of curing
 q - 2 potions of might
Books
 b - a book of Air

   Spells                             Type                      Level
   a - Shock                          Conjuration/Air              1
   b - Swiftness                      Charms/Air                   2
   c - Repel Missiles                 Charms/Air                   2
   d - Static Discharge               Conjuration/Air              3
   e - Lightning Bolt                 Conjuration/Air              5
Comestibles
 c - 3 bread rations
 h - a meat ration
 o - 11 chunks of flesh


   Skills:
 - Level 2.4 Dodging
 - Level 2.4 Stealth
 + Level 7.4 Spellcasting
 * Level 7.6 Conjurations
 * Level 7.5 Air Magic


You had 10 spell levels left.
You knew the following spells:

 Your Spells              Type           Power        Failure   Level  Hunger
a - Shock                 Conj/Air       ####         1%          1    None
c - Static Discharge      Conj/Air       #####...     1%          3    None
l - Lightning Bolt        Conj/Air       #####.....   12%         5    #####..
m - Repel Missiles        Chrm/Air       ####..       2%          2    None


Dungeon Overview and Level Annotations

Branches:
Dungeon (6/15)
 Temple: D:4-7

Altars:
Gozag
Makhleb
Vehumet

Shops:
D:5 *

Annotations:
D:6 Grinder


Message History

Casting: Lightning Bolt
Confirm with . or Enter, or press ? or * to list all spells.
Aiming: Lightning Bolt
Press: ? - help, Shift-Dir - straight line You hear a mighty clap of thunder!
The bolt of lightning hits Grinder.
Grinder is lightly wounded.
The bolt of lightning misses Grinder.
You hear a shout!
Grinder hits you!
Grinder says, "There's only one good use for a tongue: cutting it out."
Grinder gestures at you.
You suddenly lose the ability to move!
Grinder gestures at you.
You shrug off the repeated paralysis!
Grinder hits you.
You writhe in agony.
Grinder hits you.
You writhe in agony.
Grinder gestures at you. Pain shoots through your body!
You die...

#..........
#..........
#..........
#..........
#..(.......
#.......... .
####......... ..
##)........... .#
##<@5..######.####.#
#.......# #.Z#...#
#.......# #......#
#....(..######......
##)......).)(.%....#
#.....).######.....#
#.......# #..5..[
#.......# #..#...
#.......## ##..#5.


You could see Grinder.

Vanquished Creatures
  Pikel (D:2)
  The ghost of barakagiga the Bolt Thrower, a novice HOHu (D:5)
  Edmund (D:4)
  2 ogres
  A bullfrog (D:6)
  2 centaur zombies
  2 hounds
  2 iguanas
  3 orc wizards
  A worker ant (D:5)
  A worker ant zombie (D:6)
  3 gnolls (D:4)
  5 adders
  2 shadow imps
  2 oozes
  An adder zombie (D:5)
  An adder skeleton (D:5)
  5 worms
  A dart slug (D:3)
  10 leopard geckos
  13 orcs
  4 ball pythons
  5 bats
  4 giant cockroaches
  9 goblins
  7 hobgoblins
  6 jackals
  7 kobolds
  6 quokkas
  3 frilled lizards
  A jackal skeleton (D:6)
  A leopard gecko skeleton (D:4)
  A quokka zombie (D:6)
  6 rats
120 creatures vanquished.

Vanquished Creatures (others)
  A slave (D:4)
  A scorpion (D:4)
  4 orcs (D:4)
  A frilled lizard (D:4)
7 creatures vanquished.

Grand Total: 127 creatures vanquished

Notes
Turn   | Place    | Note
-------+----------+-------------------------------------------
     0 | D:1      | Duffy the Deep Elf Air Elementalist began the quest for the Orb.
     0 | D:1      | Reached XP level 1. HP: 10/10 MP: 6/6
   260 | D:1      | Reached XP level 2. HP: 15/15 MP: 6/8
   264 | D:1      | Learned a level 2 spell: Repel Missiles
  1025 | D:2      | Reached XP level 3. HP: 19/19 MP: 5/10
  1030 | D:2      | Learned a level 3 spell: Static Discharge
  1523 | D:2      | Reached XP level 4. HP: 24/24 MP: 0/12
  2095 | D:2      | Found a burning altar of Makhleb.
  2269 | D:3      | Found an opulent altar of Gozag.
  2897 | D:4      | Reached XP level 5. HP: 23/28 MP: 10/14
  2968 | D:4      | Noticed Pikel
  3474 | D:3      | Learned a level 5 spell: Lightning Bolt
  3589 | D:2      | Killed Pikel
  3589 | D:2      | Reached skill level 5 in Spellcasting
  3589 | D:2      | Reached skill level 5 in Conjurations
  3589 | D:2      | Reached skill level 5 in Air Magic
  3589 | D:2      | Reached XP level 6. HP: 23/32 MP: 7/16
  3589 | D:2      | Reached XP level 7. HP: 26/36 MP: 7/17
  4432 | D:4      | Noticed Edmund
  4460 | D:4      | Killed Edmund
  4773 | D:5      | Entered Level 5 of the Dungeon
  5043 | D:5      | Found Biyfuh's Assorted Antiques.
  5070 | D:5      | Bought 3 scrolls labeled ECASTR FIAJ for 87 gold pieces
  5070 | D:5      | Bought a scroll labeled WYOFEU IHIAZY for 29 gold pieces
  5218 | D:5      | Noticed barakagiga's ghost (novice HOHu)
  5319 | D:5      | Reached XP level 8. HP: 41/41 MP: 9/20
  5456 | D:5      | Found a radiant altar of Vehumet.
  5464 | D:5      | Became a worshipper of Vehumet
  5719 | D:5      | Killed barakagiga's ghost
  5989 | D:6      | Noticed Grinder
  6708 | D:6      | Reached * piety under Vehumet
  6708 | D:6      | Offered knowledge of Freeze by Vehumet.
  6826 | D:6      | Paralysed by Grinder for 7 turns
  6831 | D:6      | Killed from afar by Grinder

Vault maps used:
D:1:      denvon_arrival_hothouse, minmay_misc_feat_pillars
D:2:      st_stairs_13, makhleb_heckhound_becter
D:3:      marbit_many_paths
D:4:      kennysheep_minor_cross, uniq_edmund, uniq_pikel
D:5:      lemuel_round_altar, nicolae_overflow_hidden_temple, serial_shops,
          shop, first_bread
D:6:      uniq_grinder

Skill      XL: |  1  2  3  4  5  6  7  8 |
---------------+-------------------------+-----
Conjurations   | 2 3 5 6 7 |  7.6
Spellcasting   | 4 5 6 7 |  7.4
Air Magic      | 4 5 6 7 |  7.5
Dodging        | |  2.4
Stealth        | |  2.4

Action                   |  1- 3 |  4- 6 |  7- 9 || total
-------------------------+-------+-------+-------++-------
 Cast: Shock             |    85 |   110 |   145 ||   340
       Repel Missiles    |     1 |     1 |     1 ||     3
       Static Discharge  |       |       |    14 ||    14
       Lightning Bolt    |       |       |     5 ||     5
  Use: Scroll            |       |       |    10 ||    10
  Eat: Chunk             |     2 |     6 |    10 ||    18
       Pizza             |       |       |     1 ||     1
Armor: Robe              |     2 |     4 |     5 ||    11
Dodge: Dodged            |     4 |    20 |    39 ||    63
       Deflected         |     1 |       |     1 ||     2
